 Dungeon Crawl Stone Soup version 0.29.1-13-g9f3cf754e1 (webtiles) character file.

Game seed: 10975223747997889392

22 DeadRuby the Digger (level 2, 0/20 HPs)
             Began as a Demigod Earth Elementalist on Feb 10, 2023.
             Frozen to death by an endoplasm (4 damage)
             ... on level 1 of the Dungeon.
             The game lasted 00:11:11 (1486 turns).

DeadRuby the Digger (Demigod Earth Elementalist)    Turns: 1486, Time: 00:11:11

Health: 0/20       AC:  2    Str:  9    XL:     2   Next: 51%
Magic:  7/7        EV: 12    Int: 17    God:
Gold:   27         SH:  0    Dex: 14    Spells: 4/5 levels left

rFire   . . .      SeeInvis .   l - +0 short sword
rCold   . . .      Faith    .   (no shield)
rNeg    . . .      Spirit   .   e - +0 robe
rPois   .          Reflect  .   (no helmet)
rElec   .          Harm     .   (no cloak)
rCorr   .          Rampage  .   (no gloves)
Will    .....                   (no boots)
Stlth   ++........              (no amulet)
HPRegen 0.06/turn               (no ring)
MPRegen 0.10/turn               (no ring)

@: no status effects
A: high MP 1, forlorn, divine attributes
a: no special abilities


You were on level 1 of the Dungeon.
You visited 1 branch of the dungeon, and saw 1 of its levels.

You collected 27 gold pieces.

Inventory:

Hand Weapons
 i - a +0 dagger
 l - a +0 short sword (weapon)
Missiles
 k - 4 stones
Armour
 a - a +0 robe
 e - a +0 robe (worn)
 h - a +0 leather armour
 m - a +0 robe
Jewellery
 n - a ring of magical power
Scrolls
 c - a scroll of magic mapping {unknown}
 d - a scroll of poison {unknown}
 f - 2 scrolls of identify {unknown}
 j - a scroll of amnesia {unknown}
Potions
 b - a potion of magic
 g - a potion of invisibility {unknown}


   Skills:
 + Level 0.1 Short Blades
 + Level 2.0 Dodging
 + Level 1.7 Stealth
 + Level 0.1 Unarmed Combat
 + Level 2.0 Spellcasting
 + Level 0.8 Transmutations
 + Level 3.2 Earth Magic


You had 4 spell levels left.
You knew the following spells:

 Your Spells              Type           Power      Damage    Failure   Level
a - Sandblast             Erth           24%        2d8       4%          1

Your spell library contained the following spells:

 Spells                   Type           Power      Damage    Failure   Level
 Passwall                 Tmut/Erth      6%         N/A       13%         2
 Stone Arrow              Conj/Erth      14%        3d7       30%         3
 Petrify                  Tmut/Erth      8%         N/A       63%         4


Dungeon Overview and Level Annotations

Branches:
Dungeon (1/15)

Shops:
D:1 [


Innate Abilities, Weirdness & Mutations

You have an increased reservoir of magic. (+10% MP)
You shall have no god before yourself.
Your divine heritage dramatically boosts your attributes as you level up.


Message History

The endoplasm freezes you.
You are frozen.
You hit the endoplasm.
You kill the endoplasm!
n - a ring of magical power
There are no items here.
Found a scroll labelled DEXEENWUWKI.
An endoplasm comes into view.
The endoplasm quivers.
An endoplasm comes into view.
The endoplasm quivers.
The endoplasm barely misses you.
You hit the endoplasm.
The endoplasm is heavily wounded.
The endoplasm jiggles.
The endoplasm closely misses you.
You hit the endoplasm.
You kill the endoplasm!
The endoplasm hits you.
You hit the endoplasm.
The endoplasm is heavily wounded.
The endoplasm freezes you.
You are frozen.
You hit the endoplasm.
The endoplasm is severely wounded.
The endoplasm freezes you.
You are frozen.
You hit the endoplasm.
The endoplasm is almost dead.
The endoplasm barely misses you.
You hit the endoplasm but do no damage.
The endoplasm is almost dead.
The endoplasm freezes you.
You are frozen.
* * * LOW HITPOINT WARNING * * *
You barely miss the endoplasm.
The endoplasm is almost dead.
The endoplasm freezes you.
You are frozen.
You die...

# # ##### #
###...# # #.....+
# #.#...# ####
#.#...# ...#
#######.#...# ...#
#.........######.
...#
#.....@J.......#.#
.. ...#
#....?...#####.#.#
#.## ..##
#........#####.#.#
#... ..#
#######.###....#.#
#... ..# #.#
#.####.###... ###
#.# #.# #....... #
#.###.####.......
#
#.#..............
#
#.#.#............


You could see an endoplasm.

Vanquished Creatures
  6 endoplasms (D:1)
  5 hobgoblins (D:1)
  A quokka (D:1)
  4 bats (D:1)
  2 frilled lizards (D:1)
18 creatures vanquished.

Notes
Turn   | Place    | Note
-------+----------+-------------------------------------------
     0 | D:1      | DeadRuby the Demigod Earth Elementalist began the quest for
                  | the Orb.
     0 | D:1      | Reached XP level 1. HP: 14/14 MP: 5/5
   112 | D:1      | Found Kumel's Antique Armour Shop.
   544 | D:1      | Reached skill level 3 in Earth Magic
   629 | D:1      | Reached XP level 2. HP: 11/20 MP: 7/7
  1486 | D:1      | Frozen to death by an endoplasm

Illustrated notes

Levels and vault maps discovered:
D:1:      giann_wishing_wells, layout_basic, serial_shops, nicolae_diamond_shop

Skill      XL: |  1  2 |
---------------+-------+-----
Spellcasting   | 2 |  2.0
Earth Magic    | 3 |  3.2
Dodging        | 2 |  2.0
Short Blades   | |  0.1
Stealth        | |  1.7
Unarmed Combat | |  0.1
Transmutations | |  0.8

Action                   || total
-------------------------++-------
Melee: Unarmed           ||    34
       Short sword       ||    11
       Dagger            ||     2
 Cast: Sandblast         ||    15
 Stab: Sleeping          ||     2
Armor: Robe              ||    34
Dodge: Dodged            ||    57
